[Event "Czech Youth U14 Girls 2024"]
[Site "Kouty nad Desnou"]
[Date "2024.03.11"]
[Round "4.4"]
[White "Nguyen Nhat, Minh Thu"]
[Black "Nova, Doubravka Anezka"]
[Result "0-1"]
[ECO "C01"]
[WhiteElo "1563"]
[BlackElo "1718"]
[Annotator "NA RC"]
[PlyCount "92"]
[EventDate "2024.03.10"]
[EventType "swiss"]
[EventCountry "CZE"]
[SourceTitle "playchess.com"]
[Source "ChessBase"]
[SourceQuality "1"]
[TimeControl "40/5400+30:1800+30"]

1. e4 e6 2. d4 d5 3. exd5 exd5 4. c4 Nf6 5. Nc3 Bb4 6. Bg5 Be6 7. cxd5 Bxd5 8. Qe2+ Qe7 9. Bxf6 gxf6 10. Qxe7+ Kxe7 11. a3 Bxc3+ 12. bxc3 Nd7 13. c4 Be4 14. Kd2 Rhe8 15. Ne2 Nb6 16. Nc3 Bg6 17. c5 Nd7 18. Re1+ Kf8 19. Bd3 Bxd3 20. Kxd3 c6 21. Rxe8+ Rxe8 22. Ne4 b6 23. cxb6 axb6 24. Rc1 Rd8 25. Ke3 Ra8 26. Rxc6 Rxa3+ 27. Rc3 Rxc3+ 28. Nxc3 Ke7 29. Nb5 Ke6 30. Ke4 f5+ 31. Kf4 Kf6 32. Nd6 Nf8 33. Nxf5 Ne6+ 34. Kg4 h5+ 35. Kf3 Kxf5 36. Ke3 Nc7 37. Kd3 b5 38. Kc3 Ke4 39. f3+ Ke3 40. h4 f5 41. g4 fxg4 42. fxg4 hxg4 43. h5 g3 44. h6 Nd5+ 45. Kb3 Nf6 46. d5 g2 0-1

[Event "Czech Youth U14 Girls 2024"]
[Site "Kouty nad Desnou"]
[Date "2024.03.11"]
[Round "4.5"]
[White "Strazhnyk, Viktoriia"]
[Black "Kubatova, Beta"]
[Result "0-1"]
[ECO "B12"]
[WhiteElo "1570"]
[BlackElo "1666"]
[Annotator "NA RC"]
[PlyCount "112"]
[EventDate "2024.03.10"]
[EventType "swiss"]
[EventCountry "CZE"]
[SourceTitle "playchess.com"]
[Source "ChessBase"]
[SourceQuality "1"]
[TimeControl "40/5400+30:1800+30"]

1. e4 c6 2. d4 d5 3. e5 Bf5 4. Nf3 e6 5. Be2 Nd7 6. O-O c5 7. c4 Ne7 8. Bg5 Bxb1 9. Rxb1 Qc7 10. Qa4 Nc6 11. Rbc1 Be7 12. Bxe7 Nxe7 13. cxd5 Nxd5 14. Rxc5 Qd8 15. Rcc1 O-O 16. Bd3 h6 17. Nd2 N7b6 18. Qb3 Nf4 19. Ne4 Qxd4 20. Nc5 Qxe5 21. Nxb7 Nxd3 22. Qxd3 Qxb2 23. Rc2 Qf6 24. Nc5 Rfd8 25. Qg3 Rac8 26. Ne4 Qd4 27. Re2 Nc4 28. Rfe1 Rb8 29. Kf1 Rb2 30. Nc3 Rxe2 31. Nxe2 Nd2+ 32. Kg1 Qb6 33. Nc3 Nc4 34. Ne4 Nd6 35. Nf6+ Kh8 36. Nh5 Nf5 37. Qe5 Qd4 38. Qc7 Qd1 39. Rf1 Qd7 40. Qc3 Nd4 41. Qh3 Ne2+ 42. Kh1 Qd1 43. g4 Qd5+ 44. f3 Kg8 45. Re1 Nc3 46. a3 Rb8 47. Qg3 Rd8 48. Rf1 Qd6 49. Qf2 g6 50. Qe3 gxh5 51. gxh5 Qd3 52. Rg1+ Kh7 53. Qf4 Qf5 54. Qxf5+ exf5 55. Re1 Kg7 56. Kg2 Nd5 0-1

[Event "Czech Youth U14 Girls 2024"]
[Site "Kouty nad Desnou"]
[Date "2024.03.11"]
[Round "4.6"]
[White "Bouchalova, Kveta"]
[Black "Mojzisova, Barbora"]
[Result "1-0"]
[ECO "C50"]
[WhiteElo "1627"]
[BlackElo "1623"]
[Annotator "NA RC"]
[PlyCount "87"]
[EventDate "2024.03.10"]
[EventType "swiss"]
[EventCountry "CZE"]
[SourceTitle "playchess.com"]
[Source "ChessBase"]
[SourceQuality "1"]
[TimeControl "40/5400+30:1800+30"]

1. e4 e5 2. Nf3 Nc6 3. Bc4 Bc5 4. d3 d6 5. c3 Nf6 6. O-O O-O 7. Nbd2 Bg4 8. h3 Be6 9. Re1 Qd7 10. b4 Bb6 11. Ng5 h6 12. Nxe6 fxe6 13. Nf3 Rae8 14. a4 a6 15. Bb2 d5 16. Bb3 Kh8 17. b5 Na5 18. Nxe5 Bxf2+ 19. Kh1 Qd6 20. Ng6+ Kg8 21. e5 Qd8 22. Rf1 Bg3 23. Nxf8 Nxb3 24. exf6 Rxf8 25. Qxb3 gxf6 26. Qd1 Kh8 27. Qg4 Rg8 28. Qxe6 Bh4 29. c4 d4 30. Qe4 Qd6 31. Qxh4 Kh7 32. Qe4+ Rg6 33. Bxd4 Qg3 34. Qf3 Qd6 35. Bxf6 Rg3 36. Qe4+ Rg6 37. Qe7+ Qxe7 38. Bxe7 Rg7 39. Rae1 Kg6 40. Rf6+ Kh5 41. Re5+ Kh4 42. Rf3+ Rg5 43. Bxg5+ hxg5 44. g4 1-0

[Event "Czech Youth U14 Girls 2024"]
[Site "Kouty nad Desnou"]
[Date "2024.03.11"]
[Round "4.7"]
[White "Barteckova, Nikol"]
[Black "Kubatova, Ema"]
[Result "0-1"]
[ECO "B12"]
[WhiteElo "1612"]
[BlackElo "1580"]
[Annotator "NA RC"]
[PlyCount "106"]
[EventDate "2024.03.10"]
[EventType "swiss"]
[EventCountry "CZE"]
[SourceTitle "playchess.com"]
[Source "ChessBase"]
[SourceQuality "1"]
[TimeControl "40/5400+30:1800+30"]

1. e4 c6 2. d4 d5 3. e5 Bf5 4. Nf3 e6 5. Be2 Nd7 6. O-O Ne7 7. a3 c5 8. Be3 Nc6 9. c4 dxc4 10. Bxc4 cxd4 11. Bxd4 Nxd4 12. Nxd4 Bxb1 13. Rxb1 Nxe5 14. Bb5+ Nd7 15. Qa4 a6 16. Bxd7+ Qxd7 17. Qxd7+ Kxd7 18. Rbd1 Ke7 19. Rfe1 g6 20. f4 Bg7 21. Kf2 Rhd8 22. Ke3 Rac8 23. Re2 Rc4 24. Red2 Bxd4+ 25. Rxd4 Rdxd4 26. Rxd4 Rxd4 27. Kxd4 Kd6 28. g3 f6 29. b3 b6 30. g4 h5 31. h3 hxg4 32. hxg4 e5+ 33. fxe5+ fxe5+ 34. Ke4 Ke6 35. a4 a5 36. Ke3 Kd5 37. Kd3 g5 38. Ke3 e4 39. Ke2 Kd4 40. Kd2 e3+ 41. Ke2 Ke4 42. Ke1 Kf3 43. Kf1 Kxg4 44. Ke2 Kg3 45. Kxe3 g4 46. Ke4 Kh2 47. Kd5 g3 48. Kc6 g2 49. Kxb6 g1=Q+ 50. Kxa5 Qc5+ 51. Ka6 Qb4 52. a5 Qb8 53. b4 Qxb4 0-1

[Event "Czech Youth U14 Girls 2024"]
[Site "Kouty nad Desnou"]
[Date "2024.03.11"]
[Round "4.8"]
[White "Peskova, Sara"]
[Black "Krisicova, Neli"]
[Result "0-1"]
[ECO "C50"]
[WhiteElo "1481"]
[BlackElo "1556"]
[Annotator "NA RC"]
[PlyCount "54"]
[EventDate "2024.03.10"]
[EventType "swiss"]
[EventCountry "CZE"]
[SourceTitle "playchess.com"]
[Source "ChessBase"]
[SourceQuality "1"]
[TimeControl "40/5400+30:1800+30"]

1. e4 e5 2. Nf3 Nc6 3. Bc4 Nf6 4. d3 Bc5 5. c3 d6 6. O-O Be6 7. Bb3 Bb6 8. Re1 Qe7 9. Nbd2 O-O-O 10. Nf1 Rhe8 11. Ng3 Ng4 12. Be3 Nxe3 13. fxe3 d5 14. Ba4 dxe4 15. Nxe5 Nxe5 16. Bxe8 Rxd3 17. Qh5 Bg4 18. Bd7+ Rxd7 19. Qxh7 Nd3 20. Reb1 Bxe3+ 21. Kh1 Nf2+ 22. Kg1 Qf6 23. h3 Nxh3+ 24. Kh2 Bf4 25. gxh3 Rd2+ 26. Kg1 Be3+ 27. Kh1 Bf3# 0-1

[Event "Czech Youth U14 Girls 2024"]
[Site "Kouty nad Desnou"]
[Date "2024.03.11"]
[Round "4.9"]
[White "Sochorova, Valentyna"]
[Black "Hladka, Leontyna"]
[Result "0-1"]
[ECO "C21"]
[WhiteElo "1485"]
[BlackElo "1683"]
[Annotator "NA RC"]
[PlyCount "64"]
[EventDate "2024.03.10"]
[EventType "swiss"]
[EventCountry "CZE"]
[SourceTitle "playchess.com"]
[Source "ChessBase"]
[SourceQuality "1"]
[TimeControl "40/5400+30:1800+30"]

1. e4 e5 2. d4 exd4 3. Bc4 Bb4+ 4. c3 dxc3 5. bxc3 Bc5 6. Bxf7+ Kxf7 7. Qh5+ Kf8 8. Qxc5+ d6 9. Qc4 Qe7 10. Nf3 Be6 11. Qd3 Nd7 12. O-O Nc5 13. Qd4 Bg4 14. Ba3 Bxf3 15. gxf3 Ne6 16. Qc4 c5 17. Kh1 Nf6 18. Re1 Nd7 19. Qd5 Ne5 20. Nd2 Nf4 21. Qb3 Ned3 22. Nf1 Nxf2+ 23. Kg1 N2h3+ 24. Kh1 h5 25. Bc1 Qg5 26. Ng3 h4 27. Qxb7 Re8 28. Bxf4 Nxf4 29. Rg1 hxg3 30. Rxg3 Qxg3 31. Qxg7+ Kxg7 32. Rg1 Rxh2# 0-1

[Event "Czech Youth U14 Girls 2024"]
[Site "Kouty nad Desnou"]
[Date "2024.03.11"]
[Round "4.10"]
[White "Kavanova, Valentyna"]
[Black "Archlebova, Eva"]
[Result "0-1"]
[ECO "C53"]
[WhiteElo "1539"]
[BlackElo "1438"]
[Annotator "NA RC"]
[PlyCount "114"]
[EventDate "2024.03.10"]
[EventType "swiss"]
[EventCountry "CZE"]
[SourceTitle "playchess.com"]
[Source "ChessBase"]
[SourceQuality "1"]
[TimeControl "40/5400+30:1800+30"]

1. e4 e5 2. Nf3 Nc6 3. Bc4 Bc5 4. c3 d6 5. d4 Bb6 6. Nbd2 exd4 7. cxd4 Nxd4 8. Nxd4 Bxd4 9. Qa4+ Bd7 10. Bxf7+ Kxf7 11. Qxd4 Qf6 12. Qd5+ Qe6 13. Qxb7 Rc8 14. Qxa7 Nf6 15. Qe3 Rhe8 16. O-O Kg8 17. Re1 Ng4 18. Qg3 d5 19. f3 Qb6+ 20. Kf1 Bb5+ 21. Re2 Bxe2+ 22. Kxe2 Qb5+ 23. Ke1 Ne3 24. b3 Nc2+ 25. Kd1 Nxa1 26. Bb2 g6 27. Qg5 Qc6 28. Bxa1 dxe4 29. Qh6 Qd7 30. fxe4 Rf8 31. Kc2 Rcd8 32. Bc3 Rf2 33. a4 Qd3+ 34. Kb2 Rxd2+ 35. Bxd2 Qxd2+ 36. Qxd2 Rxd2+ 37. Ka3 Rd8 38. a5 Ra8 39. Ka4 Kf7 40. b4 Ke7 41. Kb5 Kd7 42. Kc5 Rb8 43. b5 h5 44. e5 Re8 45. Kd5 Re6 46. a6 c6+ 47. bxc6+ Rxc6 48. a7 Ra6 49. e6+ Ke7 50. Ke5 Ra5+ 51. Kf4 Kxe6 52. h4 Kf6 53. Kg3 Rxa7 54. Kh3 Ra3+ 55. g3 g5 56. hxg5+ Kxg5 57. Kg2 Kg4 0-1

[Event "Czech Youth U14 Girls 2024"]
[Site "Kouty nad Desnou"]
[Date "2024.03.11"]
[Round "4.11"]
[White "Myronova, Sofia"]
[Black "Archlebova, Iva"]
[Result "1/2-1/2"]
[ECO "C46"]
[WhiteElo "1456"]
[BlackElo "1488"]
[Annotator "NA RC"]
[PlyCount "99"]
[EventDate "2024.03.10"]
[EventType "swiss"]
[EventCountry "CZE"]
[SourceTitle "playchess.com"]
[Source "ChessBase"]
[SourceQuality "1"]
[TimeControl "40/5400+30:1800+30"]

1. e4 e5 2. Nf3 Nc6 3. Nc3 Bb4 4. Bb5 d6 5. h3 Nf6 6. d3 h6 7. O-O O-O 8. Be3 a6 9. Bc4 Qe7 10. Nd2 Be6 11. Bb3 Rad8 12. Nf3 Bxc3 13. bxc3 d5 14. exd5 Bxd5 15. Bxd5 Nxd5 16. c4 Nxe3 17. fxe3 e4 18. Ne1 exd3 19. cxd3 Qxe3+ 20. Kh1 Ne5 21. Qb3 b6 22. Qa3 a5 23. Qe7 Qd4 24. Nc2 Qc5 25. Qxc5 bxc5 26. Rab1 Nxd3 27. Rb7 c6 28. Ra7 Ra8 29. Rc7 Ne5 30. Rf5 f6 31. Ne3 Rf7 32. Rxf7 Kxf7 33. Kg1 Rb8 34. Rf2 Rb1+ 35. Kh2 Rb4 36. Rc2 Ke6 37. Kg3 g6 38. Kf2 a4 39. Kg3 h5 40. Kf2 f5 41. g3 g5 42. Ke1 f4 43. gxf4 gxf4 44. Ng2 Rxc4 45. Rxc4 Nxc4 46. Nxf4+ Ke5 47. Nxh5 Kd4 48. Kd1 Kc3 49. Kc1 Ne3 50. Nf6 1/2-1/2

[Event "Czech Youth U14 Girls 2024"]
[Site "Kouty nad Desnou"]
[Date "2024.03.11"]
[Round "4.12"]
[White "Vaclavkova, Klara"]
[Black "Kratka, Tereza"]
[Result "0-1"]
[ECO "D11"]
[WhiteElo "1486"]
[BlackElo "1477"]
[Annotator "NA RC"]
[PlyCount "76"]
[EventDate "2024.03.10"]
[EventType "swiss"]
[EventCountry "CZE"]
[SourceTitle "playchess.com"]
[Source "ChessBase"]
[SourceQuality "1"]
[TimeControl "40/5400+30:1800+30"]

1. d4 d5 2. c4 c6 3. Nf3 Bg4 4. Nc3 e6 5. cxd5 cxd5 6. Bf4 Nc6 7. Rc1 Nf6 8. e3 Be7 9. Bd3 O-O 10. h3 Bh5 11. O-O a6 12. Re1 h6 13. e4 dxe4 14. Nxe4 Bxf3 15. Qxf3 Qxd4 16. b3 Qb6 17. Qg3 Kh8 18. Nxf6 Bxf6 19. Bc7 Qa7 20. Re4 Rfc8 21. Rcc4 Ne7 22. Qd6 Nd5 23. Ba5 b6 24. Rxc8+ Rxc8 25. Bd2 Rd8 26. Qa3 a5 27. Qc1 Qb7 28. Bxh6 Nb4 29. Bb1 Nxa2 30. Bxg7+ Bxg7 31. Rh4+ Kg8 32. Bxa2 Qd5 33. Qc2 Qd1+ 34. Qxd1 Rxd1+ 35. Kh2 Rd2 36. Bb1 Rb2 37. Bh7+ Kf8 38. Rf4 Be5 0-1

[Event "Czech Youth U14 Girls 2024"]
[Site "Kouty nad Desnou"]
[Date "2024.03.11"]
[Round "4.13"]
[White "Pruskova, Justyna"]
[Black "Martinkovicova, Nela"]
[Result "0-1"]
[ECO "C42"]
[WhiteElo "1471"]
[BlackElo "1476"]
[Annotator "NA RC"]
[PlyCount "110"]
[EventDate "2024.03.10"]
[EventType "swiss"]
[EventCountry "CZE"]
[SourceTitle "playchess.com"]
[Source "ChessBase"]
[SourceQuality "1"]
[TimeControl "40/5400+30:1800+30"]

1. e4 e5 2. Nf3 Nf6 3. Bc4 d5 4. exd5 Nxd5 5. O-O Nc6 6. Nc3 Nxc3 7. dxc3 Qxd1 8. Rxd1 Bd6 9. Re1 O-O 10. Be3 Bf5 11. Bb3 Rad8 12. Rad1 Be7 13. Rxd8 Rxd8 14. Bg5 Rd7 15. h3 Bxg5 16. Nxg5 Kf8 17. Nf3 f6 18. Nh4 Bg6 19. Nxg6+ hxg6 20. Bc4 Ne7 21. Bd3 Nf5 22. Rd1 Ke7 23. Be2 Rxd1+ 24. Bxd1 b6 25. b4 Kd6 26. c4 c5 27. b5 Nd4 28. c3 Ne6 29. g3 g5 30. Kg2 Nd8 31. Kf3 f5 32. Ke3 Nb7 33. Be2 Ke6 34. f4 gxf4+ 35. gxf4 exf4+ 36. Kxf4 Kf6 37. Bf3 g5+ 38. Kg3 Nd6 39. Bd5 Ke5 40. Kf3 Nc8 41. Ke3 Ne7 42. Bf3 Ng6 43. Kf2 Nf4 44. Kg3 Nxh3 45. Kh2 Kf4 46. Kg2 g4 47. Bd5 Kg5 48. Kg3 f4+ 49. Kg2 Kh4 50. Bc6 Ng5 51. Bd5 f3+ 52. Kh2 g3+ 53. Kh1 g2+ 54. Kh2 Nh3 55. Bxf3 g1=Q# 0-1

[Event "Czech Youth U14 Girls 2024"]
[Site "Kouty nad Desnou"]
[Date "2024.03.12"]
[Round "5.1"]
[White "Bartova, Hana"]
[Black "Kozusnikova, Daniela"]
[Result "1-0"]
[ECO "C42"]
[WhiteElo "1667"]
[BlackElo "1809"]
[Annotator "NA RC"]
[PlyCount "101"]
[EventDate "2024.03.10"]
[EventType "swiss"]
[EventCountry "CZE"]
[SourceTitle "playchess.com"]
[Source "ChessBase"]
[SourceQuality "1"]
[TimeControl "40/5400+30:1800+30"]

1. e4 e5 2. Nf3 Nf6 3. Nxe5 d6 4. Nf3 Nxe4 5. Nc3 Nxc3 6. dxc3 Be7 7. Be3 Nc6 8. Qd2 Be6 9. O-O-O {[%emt 0:02:39] C42: Petroff Defence: 3 Nxe5 and unusual White 3rd moves.} Qd7 10. h3 a6 11. Ng5 Bf5 12. g4 Bg6 13. Bg2 h6 14. Ne4 O-O-O 15. b3 f5 16. Ng3 fxg4 17. hxg4 Kb8 18. Ne2 Bf6 19. g5 hxg5 20. Bxg5 Bxg5 21. Qxg5 Qf5 22. Qxf5 Bxf5 23. Bxc6 bxc6 24. Nd4 Bd7 25. Rde1 c5 26. Ne2 Rxh1 27. Rxh1 Rf8 28. Rh2 g6 29. c4 Rf5 30. Nc3 Be6 31. Rg2 Bf7 32. Kd2 Kb7 33. Ne4 Be8 34. Rg5 Rxg5 35. Nxg5 $11 Kc6 36. Ne4 Bd7 37. Nf6 Bf5 38. f3 Kb6 39. Nd5+ Kb7 40. Ne7 c6 41. Nxf5 gxf5 42. Ke3 Kb6 43. Kf4 Ka5 44. a3 d5 45. cxd5 cxd5 46. Kxf5 c4 47. Ke5 c3 48. Kxd5 Kb5 49. f4 a5 50. f5 a4 51. b4 1-0

[Event "Czech Youth U14 Girls 2024"]
[Site "Kouty nad Desnou"]
[Date "2024.03.12"]
[Round "5.2"]
[White "Horkova, Tereza"]
[Black "Bouchalova, Kveta"]
[Result "1-0"]
[ECO "C58"]
[WhiteElo "1845"]
[BlackElo "1627"]
[Annotator "NA RC"]
[PlyCount "85"]
[EventDate "2024.03.10"]
[EventType "swiss"]
[EventCountry "CZE"]
[SourceTitle "playchess.com"]
[Source "ChessBase"]
[SourceQuality "1"]
[TimeControl "40/5400+30:1800+30"]

1. e4 e5 2. Nf3 Nc6 3. Bc4 Nf6 4. Ng5 d5 5. exd5 Na5 6. Bb5+ c6 7. dxc6 bxc6 8. Bd3 Nd5 {[%emt 0:00:12] C58: Two Knights: 4 Ng5 d5 5 exd5 Na5 sidelines.} 9. Nf3 Bd6 10. O-O O-O 11. Re1 f5 12. Nxe5 Qf6 13. Nc4 Nxc4 14. Bxc4 Qh4 15. Bxd5+ cxd5 16. g3 Qd4 ({Black should try} 16... Qh3 $15 17. f4 d4) 17. c3 Qf6 18. f4 $1 g5 {[%emt 0:05:45] [#]} 19. d4 $1 gxf4 20. Bxf4 Bxf4 21. gxf4 Qh4 22. Qd2 Kh8 23. Kh1 Bb7 ({Besser ist} 23... Ba6 $1 $14 24. c4 Rae8) 24. Na3 Rae8 25. Rxe8 Rxe8 26. Rg1 Qh6 (26... Ba6 $16 {might work better.} 27. Qg2 (27. Nc2 $2 Re2 $19) 27... Qe7) 27. Nb5 Ba6 28. a4 Qf8 29. Qg2 (29. Nxa7 $2 {loses.} Re2 30. Nc6 Rxd2 $19) 29... Re7 30. b4 (30. Qxd5 $2 {verliert.} Bb7 $19) 30... Bc8 31. Nd6 (31. Qxd5 $2 {is the wrong capture.} Bb7 $19) 31... Be6 {[%emt 0:01:34] [#]} 32. c4 $1 dxc4 33. d5 Bc8 (33... Bg8 $18 34. Nxc4 (34. Qb2+ Rg7 $16) 34... h6) 34. Nxc4 (34. Qb2+ $142 Rg7 35. Nxc8 Qf7 36. Qe5 (36. Qxg7+ Qxg7 37. Rxg7 Kxg7 $18) 36... Qg6 37. Rxg6 hxg6 38. d6 (38. Nxa7 Kh7 $18) (38. Qe8+ Rg8 $18) 38... Kh7 39. Ne7 (39. Qc3 Rg8 $18)) 34... Bb7 35. Qb2+ $18 Rg7 $18 36. Ne3 Qf7 37. Qxg7+ Qxg7 38. Rxg7 Kxg7 39. Nxf5+ Kg6 40. Ne3 Kh5 41. h3 Kh4 42. Kh2 Bc8 43. d6 1-0

[Event "Czech Youth U14 Girls 2024"]
[Site "Kouty nad Desnou"]
[Date "2024.03.12"]
[Round "5.3"]
[White "Nova, Doubravka Anezka"]
[Black "Slivova, Linda"]
[Result "1/2-1/2"]
[ECO "C24"]
[WhiteElo "1718"]
[BlackElo "1824"]
[Annotator "NA RC"]
[PlyCount "98"]
[EventDate "2024.03.10"]
[EventType "swiss"]
[EventCountry "CZE"]
[SourceTitle "playchess.com"]
[Source "ChessBase"]
[SourceQuality "1"]
[TimeControl "40/5400+30:1800+30"]

1. e4 e5 2. Bc4 Nf6 3. d4 exd4 4. Nf3 Nxe4 5. Qxd4 Nf6 6. Bg5 Be7 7. Nc3 Nc6 8. Qh4 d6 {[%emt 0:05:12] C24: Bishop's Opening: 2...Nf6.} 9. O-O-O Bf5 10. Kb1 (10. Rhe1 $142 O-O 11. g4) 10... a6 (10... O-O {ist eher angebracht.}) 11. Rhe1 O-O 12. Bd3 Bxd3 13. Rxd3 Qd7 14. Nd2 $2 (14. Rxe7 $1 $14 {keeps the upper hand.} Nxe7 (14... Qxe7 15. Re3 $16) 15. Bxf6) 14... Rae8 15. Rg3 Bd8 16. Nde4 Nxe4 17. Nxe4 $4 (17. Rxe4 $17 f6 18. Rxe8 Rxe8 19. Bc1) 17... Ne5 $2 (17... f5 $19 18. Bxd8 Nxd8 (18... Rxe4 $2 19. Rxe4 fxe4 20. Bg5 $17)) 18. Bxd8 Ng6 {[%emt 0:01:06] [#]} 19. Bf6 $1 d5 {[%emt 0:07:57] [#]} 20. Rd1 $1 Qf5 21. Qg5 Qxe4 22. Bc3 c6 23. Re3 Qh4 24. Qxh4 Nxh4 25. Rh3 Ng6 26. Bb4 Nf4 27. Rf3 Re4 28. Bxf8 Kxf8 29. g3 Ne6 30. Kc1 Re2 31. Rf1 Nd4 32. Rd3 Nb5 33. Kd1 Re4 34. h4 Ra4 35. a3 Re4 36. Re1 f5 37. Rxe4 fxe4 38. Rb3 Nd6 39. Ke2 a5 40. f3 Nb5 {[%emt 0:00:37] [#]} 41. Rxb5 $2 cxb5 42. fxe4 dxe4 43. Ke3 Ke7 44. Kxe4 Ke6 45. g4 g6 46. g5 Kd6 47. Kd4 b6 $11 48. b3 Ke6 49. Ke4 Kd6 1/2-1/2

[Event "Czech Youth U14 Girls 2024"]
[Site "Kouty nad Desnou"]
[Date "2024.03.12"]
[Round "5.4"]
[White "Kubatova, Beta"]
[Black "Kubatova, Ema"]
[Result "1/2-1/2"]
[ECO "E32"]
[WhiteElo "1666"]
[BlackElo "1580"]
[Annotator "NA RC"]
[PlyCount "86"]
[EventDate "2024.03.10"]
[EventType "swiss"]
[EventCountry "CZE"]
[SourceTitle "playchess.com"]
[Source "ChessBase"]
[SourceQuality "1"]
[TimeControl "40/5400+30:1800+30"]

1. d4 Nf6 2. c4 e6 3. Nc3 Bb4 4. Qc2 b6 5. Bg5 Bb7 6. e3 Bxc3+ 7. bxc3 d6 8. f3 Nbd7 9. Bd3 h6 10. Bh4 c5 11. Ne2 Qc7 12. Qb3 O-O 13. O-O Rac8 14. Rac1 d5 15. Qd1 Ba6 16. cxd5 Bxd3 17. Qxd3 Nxd5 18. Bg3 Qb7 19. c4 N5f6 20. Rfd1 cxd4 21. Qxd4 Nc5 22. Qb2 Rfd8 23. Qc2 Rd7 24. Rxd7 Ncxd7 25. Qb2 Qc6 26. Nd4 Qc5 27. Qd2 Ne5 28. Bxe5 Qxe5 29. Nb3 Qc7 30. c5 bxc5 31. Rxc5 Qb7 32. Rxc8+ Qxc8 33. Nd4 Nd5 34. Kf2 Qb8 35. h3 Qb6 36. Nb3 Qb4 37. Qxb4 Nxb4 38. a4 Kf8 39. Ke2 Ke7 40. Kd2 Kd6 41. Kc3 Nd5+ 42. Kd2 Kc6 43. Kd3 Nb6 1/2-1/2

[Event "Czech Youth U14 Girls 2024"]
[Site "Kouty nad Desnou"]
[Date "2024.03.12"]
[Round "5.5"]
[White "Kammova, Katerina"]
[Black "Hladka, Leontyna"]
[Result "1-0"]
[ECO "E10"]
[WhiteElo "1781"]
[BlackElo "1683"]
[Annotator "NA RC"]
[PlyCount "162"]
[EventDate "2024.03.10"]
[EventType "swiss"]
[EventCountry "CZE"]
[SourceTitle "playchess.com"]
[Source "ChessBase"]
[SourceQuality "1"]
[TimeControl "40/5400+30:1800+30"]

1. d4 Nf6 2. c4 e6 3. Nf3 d5 4. g3 Bb4+ 5. Bd2 Bxd2+ 6. Nbxd2 O-O 7. Bg2 Nbd7 8. O-O c5 9. cxd5 exd5 10. dxc5 Nxc5 11. Nb3 Qb6 12. Nfd4 Nxb3 13. Nxb3 Rd8 14. Qd4 Qxd4 15. Nxd4 Be6 16. Rac1 Rac8 17. Rfd1 a6 18. f3 Rc4 19. Nxe6 Rxc1 20. Rxc1 fxe6 21. Bh3 Kf7 22. e3 g5 23. Kf2 Rd6 24. b4 Ke7 25. Ke2 Kd7 26. Kd2 Kd8 27. a3 Ne8 28. Kd3 Nc7 29. a4 Rb6 30. Kc3 Rc6+ 31. Kb2 Rb6 32. Kb3 Rd6 33. Rc2 h6 34. Rc1 Rb6 35. Rd1 Ke7 36. Rc1 Kd8 37. Rc3 Rd6 38. Bg4 Rd7 39. Rd3 Ke7 40. f4 gxf4 41. exf4 Kf6 42. Kc3 Rg7 43. Bf3 Ne8 44. Kd4 Kf5 45. Re3 Nd6 46. Be2 Kf6 47. Rc3 Nf5+ 48. Kd3 Nd6 49. Ke3 Nf5+ 50. Kf2 Nd4 51. Bd1 Nf5 52. Bf3 Nd4 53. Bg2 Nf5 54. b5 axb5 55. axb5 Nd6 56. Rc5 b6 57. Rc6 Nxb5 58. Bxd5 Nc7 59. Bb3 b5 60. Ke3 Re7 61. Kd4 Kf5 62. h3 Rg7 63. Bc2+ Kf6 64. g4 Rd7+ 65. Kc5 Kg7 66. Bb3 Kf8 67. Bxe6 Nxe6+ 68. Rxe6 Kg7 69. Re3 Rf7 70. f5 h5 71. Kxb5 hxg4 72. hxg4 Kf6 73. Re6+ Kg5 74. Rg6+ Kf4 75. Kc5 Ke5 76. Kb6 Kf4 77. f6 Ke5 78. g5 Kf5 79. Rg7 Rf8 80. f7 Ke6 81. g6 Kd5 1-0

[Event "Czech Youth U14 Girls 2024"]
[Site "Kouty nad Desnou"]
[Date "2024.03.12"]
[Round "5.6"]
[White "Krisicova, Neli"]
[Black "Barteckova, Valerie"]
[Result "1/2-1/2"]
[ECO "B13"]
[WhiteElo "1556"]
[BlackElo "1687"]
[Annotator "NA RC"]
[PlyCount "66"]
[EventDate "2024.03.10"]
[EventType "swiss"]
[EventCountry "CZE"]
[SourceTitle "playchess.com"]
[Source "ChessBase"]
[SourceQuality "1"]
[TimeControl "40/5400+30:1800+30"]

1. e4 c6 2. d4 d5 3. exd5 cxd5 4. Bd3 Nc6 5. c3 Qc7 6. Nf3 Bg4 7. O-O e6 8. h3 Bh5 9. Be3 Nf6 10. Nbd2 Bd6 11. Qb3 O-O 12. Rae1 Bg6 13. Bxg6 hxg6 14. Bg5 Rac8 15. Re3 Nh7 16. Bh4 Bf4 17. Rd3 Rb8 18. Qd1 g5 19. Bg3 Bxg3 20. fxg3 Qb6 21. Qb3 Qa6 22. Re3 b5 23. a3 Qb6 24. Ne5 Nxe5 25. Rxe5 a5 26. Nf3 g4 27. Ng5 Nxg5 28. Rxg5 gxh3 29. gxh3 b4 30. axb4 axb4 31. Qc2 bxc3 32. bxc3 Rbc8 33. Qd2 Qd8 1/2-1/2

[Event "Czech Youth U14 Girls 2024"]
[Site "Kouty nad Desnou"]
[Date "2024.03.12"]
[Round "5.7"]
[White "Mojzisova, Barbora"]
[Black "Nguyen Nhat, Minh Thu"]
[Result "1/2-1/2"]
[ECO "B92"]
[WhiteElo "1623"]
[BlackElo "1563"]
[Annotator "NA RC"]
[PlyCount "82"]
[EventDate "2024.03.10"]
[EventType "swiss"]
[EventCountry "CZE"]
[SourceTitle "playchess.com"]
[Source "ChessBase"]
[SourceQuality "1"]
[TimeControl "40/5400+30:1800+30"]

1. e4 c5 2. Nf3 d6 3. d4 cxd4 4. Nxd4 Nf6 5. Nc3 a6 6. Be2 e5 7. Nb3 Be7 8. Be3 Be6 9. Nd5 Nbd7 10. f3 Bxd5 11. exd5 b5 12. Qd2 Nb6 13. Bxb6 Qxb6 14. Bd3 O-O 15. Qf2 Qxf2+ 16. Kxf2 Rac8 17. c3 Nxd5 18. Be4 Nc7 19. Bb7 Rb8 20. Na5 d5 21. b4 f5 22. Rad1 d4 23. Nc6 Bh4+ 24. g3 Bxg3+ 25. hxg3 Rxb7 26. cxd4 exd4 27. Rxd4 Ne6 28. Rd6 Re8 29. Re1 Nc7 30. Rxe8+ Nxe8 31. Re6 Nf6 32. Nd4 Rd7 33. Nxf5 Rd2+ 34. Re2 Rxe2+ 35. Kxe2 Nd5 36. a3 Nc3+ 37. Kd3 Nb1 38. Ne7+ Kf7 39. Nd5 Nxa3 40. Nc7 Ke7 41. Nxa6 Kd6 1/2-1/2

[Event "Czech Youth U14 Girls 2024"]
[Site "Kouty nad Desnou"]
[Date "2024.03.12"]
[Round "5.8"]
[White "Kratka, Tereza"]
[Black "Barteckova, Nikol"]
[Result "0-1"]
[ECO "A20"]
[WhiteElo "1477"]
[BlackElo "1612"]
[Annotator "NA RC"]
[PlyCount "64"]
[EventDate "2024.03.10"]
[EventType "swiss"]
[EventCountry "CZE"]
[SourceTitle "playchess.com"]
[Source "ChessBase"]
[SourceQuality "1"]
[TimeControl "40/5400+30:1800+30"]

1. c4 e5 2. d3 f5 3. Nc3 Nf6 4. Bg5 Be7 5. g3 h6 6. Bxf6 Bxf6 7. Bg2 O-O 8. Qc2 Nc6 9. Nf3 d6 10. O-O g5 11. a3 a5 12. Rad1 Qe7 13. Nd5 Qg7 14. Nxf6+ Qxf6 15. Rb1 Rf7 16. b4 Rg7 17. b5 Ne7 18. a4 h5 19. e3 h4 20. Nd2 Ng6 21. Qb2 f4 22. Ne4 Qe7 23. exf4 gxf4 24. Rbc1 Bf5 25. Qe2 Rf8 26. g4 Be6 27. h3 f3 28. Bxf3 Nf4 29. Qd1 Nxh3+ 30. Kh2 Nf4 31. Bg2 Nxg2 32. Kxg2 Bxg4 0-1